 Dungeon Crawl Stone Soup version 0.29-a0-557-g43b9904bd1 (webtiles) character file.

Game seed: 5147916933427055946

2 Hubjo the Insei (level 1, 0/15 HPs)
             Began as a Demonspawn Transmuter on June 8, 2022.
             Slain by a kobold
             ... wielding a +0 short sword of venom
              (5 damage)
             ... on level 1 of the Dungeon.
             The game lasted 00:00:11 (98 turns).

Hubjo the Insei (Demonspawn Transmuter)               Turns: 98, Time: 00:00:12

Health: 0/15       AC:  2    Str: 10    XL:     1   Next: 33%
Magic:  0/3        EV: 12    Int: 14    God:
Gold:   0          SH:  0    Dex: 13    Spells: 3/4 levels left

rFire   . . .      SeeInvis .     - Unarmed
rCold   . . .      Faith    .   (no shield)
rNeg    . . .      Spirit   .   a - +0 robe
rPois   .          Reflect  .   (helmet currently unavailable)
rElec   .          Harm     .   (no cloak)
rCorr   .          Rampage  .   (no gloves)
Will    .....                   (boots currently unavailable)
Stlth   +.........              (no amulet)
HPRegen 0.05/turn               (no ring)
MPRegen 0.08/turn               (no ring)

@: appendages, very slightly contaminated
A: horns 2, talons 2
a: End Transformation


You were on level 1 of the Dungeon.
You had temporarily grown beastly horns and talons.
You visited 1 branch of the dungeon, and saw 1 of its levels.

Inventory:

Armour
 a - a +0 robe (worn)
Potions
 b - a potion of lignification
 c - a potion of curing {unknown}


   Skills:
 * Level 1.1 Fighting
 - Level 1.7 Dodging
 + Level 0.1 Stealth
 + Level 2.7 Unarmed Combat
 + Level 2.0 Spellcasting
 + Level 1.8 Transmutations


You had 3 spell levels left.
You knew the following spells:

 Your Spells              Type           Power      Damage    Failure   Level
a - Beastly Appendage     Tmut           12%        N/A       11%         1

Your spell library contained the following spells:

 Spells                   Type           Power      Damage    Failure   Level
 Wereblood                Tmut           6%         N/A       17%         2
 Spider Form              Tmut/Pois      4%         N/A       43%         3
 Ice Form                 Ice/Tmut       4%         N/A       85%         4


Dungeon Overview and Level Annotations

Branches:
Dungeon (1/15)

Altars:


Innate Abilities, Weirdness & Mutations

You have temporarily grown beastly horns and talons.


Message History

A kobold comes into view.
It is wielding a +0 short sword of venom.
You miscast Beastly Appendage.
Nothing appears to happen.
The goblin closely misses you.
You grow a pair of large bovine horns.
Your feet morph into talons.
The goblin barely misses you.
You closely miss the goblin. Your kick misses the goblin.
The goblin hits you with a +0 club.
You closely miss the goblin. Your kick misses the goblin.
The goblin hits you with a +0 club.
* * * LOW HITPOINT WARNING * * *
You are too injured to fight recklessly!
You are too injured to fight recklessly!
You are too injured to fight recklessly!
You are too injured to fight recklessly!
You are too injured to fight recklessly!
You are too injured to fight recklessly!
You are too injured to fight recklessly!
You are too injured to fight recklessly!
You are too injured to fight recklessly!
You are too injured to fight recklessly!
You are too injured to fight recklessly!
You are too injured to fight recklessly!
You are too injured to fight recklessly!
You are too injured to fight recklessly!
You are too injured to fight recklessly!
You are too injured to fight recklessly!
You are too injured to fight recklessly!
You are too injured to fight recklessly!
You hit the goblin. Your kick misses the goblin.
The goblin is moderately wounded.
The goblin barely misses you. The goblin hits you but does no damage.
You barely miss the goblin. You headbutt the goblin.
You kill the goblin!
The goblin barely misses you.
A frilled lizard comes into view.
You closely miss the kobold.
The frilled lizard hisses angrily.
Your headbutt misses the kobold. The goblin barely misses you.
The kobold hits you with a +0 short sword of venom.
You die...

.. .l #.### #....
#.... ###### #....
#....#
#...g####....#
#.K@.......#
#.............##
#.............# #
+.............#
.#.#
#######..)..###
....#
#.....###.....#..
#................
#......###...#....
#......###........


You could see a goblin, a kobold and a frilled lizard.

Vanquished Creatures
  A bat (D:1)
  2 goblins (D:1)
3 creatures vanquished.

Notes
Turn   | Place    | Note
-------+----------+-------------------------------------------
     0 | D:1      | Hubjo the Demonspawn Transmuter began the quest for the
                  | Orb.
     0 | D:1      | Reached XP level 1. HP: 15/15 MP: 3/3
    98 | D:1      | Slain by a kobold

Illustrated notes

Levels and vault maps discovered:
D:1:      ebering_trefoil_twist, layout_basic, chequers_ecumenical_altar_simple,
          minmay_bisected

Action                   || total
-------------------------++-------
Melee: Unarmed           ||    10
       Headbutt          ||     2
       Kick              ||     1
 Cast: Beastly Appendage ||     3
Armor: Robe              ||     2
Dodge: Dodged            ||     7

Table legend: (Time is in decaauts)
 A = Elapsed time spent in this place.
 B = Non-inter-level travel time spent in this place.
 C = Inter-level travel time spent in this place.
 D = Time resting spent in this place.
 E = Time spent auto-exploring this place.
 F = Levels seen in this place.
 G = Mean time per level.
                   A        B        C        D        E       F      G
               +--------+--------+--------+--------+--------+-----+--------+
         Total |     99 |     99 |      0 |      0 |     77 |   1 |   99.0 |
       Dungeon |     99 |     99 |      0 |      0 |     77 |   1 |   99.0 |
               +--------+--------+--------+--------+--------+-----+--------+

Top non-repeatable levels by time:
     D:1: 99 daAuts
